 Dungeon Crawl Stone Soup version 0.31-a0-167-g1c394c0614 (webtiles) character file.

Game seed: 14398575977079602714

2239 qw the Skirmisher (level 9, -4/82 HPs)
             Began as a Naga Hunter on June 14, 2023.
             Engulfed by a steam dragon's steam (13 damage)
             ... on level 7 of the Dungeon.
             The game lasted 00:01:58 (5288 turns).

qw the Skirmisher (Naga Hunter)                     Turns: 5288, Time: 00:01:59

Health: -4/82      AC:  7    Str: 14    XL:     9   Next: 36%
Magic:  9/9        EV: 11    Int:  9    God:
Gold:   255        SH:  0    Dex: 19    Spells: 8/8 levels left

rFire   . . .        Y - +1 arbalest (drain)
rCold   . . .        (shield currently unavailable)
rNeg    . . .        l - +2 robe {Will+}
rPois   +            h - +0 helmet
rElec   .            (no cloak)
rCorr   .            (no gloves)
SInv    +            (no barding)
Will    ++...        e - amulet of the acrobat
Stlth   ++           (no ring)
HPRegen 0.33/turn    (no ring)
MPRegen 0.11/turn

%: acrobat
@: about to teleport, short of breath, very slow
A: AC +3, large, see invisible, deformed body, poison resistance, slowness 2,
spit poison 1, naga tail 1
a: Spit Poison


You were on level 7 of the Dungeon.
You visited 2 branches of the dungeon, and saw 8 of its levels.

You collected 385 gold pieces.
You spent 130 gold pieces at shops.


Innate Abilities, Weirdness & Mutations

Your serpentine skin is tough. (AC +3)
You have supernaturally acute eyesight. (SInv)
Armour fits poorly on your strangely shaped body.
Your system is resistant to poisons. (rPois)
You cover ground very slowly.
You can spit poison.
You have a snake-like lower body.


   Skills:
 - Level 6.0 Fighting
 + Level 9.7 Ranged Weapons
 - Level 1.5 Armour
 - Level 3.3 Dodging
 - Level 1.5 Stealth


You had 8 spell levels left.
You didn't know any spells.
Your spell library was empty.

Inventory:

Hand Weapons
 Y - a +1 arbalest of draining (weapon)
Armour
 a - a +3 ring mail
 h - a +0 helmet (worn)
 l - a +2 robe of willpower (worn)
Jewellery
 e - an amulet of the acrobat (around neck)
Scrolls
 m - a scroll of identify
 n - a scroll of teleportation
Potions
 b - a potion of attraction {unknown}
 d - 3 potions of curing
 f - a potion of enlightenment {unknown}
 g - a potion of cancellation
 i - a potion of heal wounds {unknown}

Dungeon Overview and Level Annotations

Branches:
Dungeon (7/15)             Temple (1/1) D:7

Altars:
Cheibriados
Dithmenos
Gozag
Hepliaklqana
Makhleb
Nemelex Xobeh
Qazlal
Ru
Trog
Uskayaw
Wu Jian
Xom
Yredelemnul
Zin
The Shining One

Shops:
D:6 (

Annotations:
D:2 1 runed translucent door, Crazy Yiuf
D:5 3 runed translucent doors, qw's ghost, amateur GrFi; qw's ghost, amateur MiHu; qw's ghost, novice GrFi; qw's ghost, novice MiHu


Message History

You shoot a bolt. The bolt hits the iguana!!
You kill the iguana!
You are engulfed in a cloud of scalding steam.
5282 ||| INVOKING Spit Poison.
Aiming: Spit Poison (1% risk of failure)
Press: ? - help, Shift-Dir - straight line, f - kobold The splash of poison hits the kobold!
The kobold is poisoned.
You kill the kobold!
You are engulfed in a cloud of scalding steam.
You shoot a bolt. The bolt hits the steam dragon.
You drain the steam dragon.
The steam dragon is severely wounded.
You are engulfed in a cloud of scalding steam.
The steam dragon breathes steam at you. The ball of steam hits you!
You shoot a bolt. The bolt hits the howler monkey!
You drain the howler monkey.
You kill the howler monkey!
You are engulfed in a cloud of scalding steam.
An orc comes into view. It is wielding a +0 whip.
You shoot a bolt.
The bolt closely misses the steam dragon.
The orc throws a boomerang.
The boomerang barely misses you. The steam dragon breathes steam at you.
The ball of steam hits you.
5286 ||| READING 2 scrolls of teleportation.
As you read the scroll of teleportation, it crumbles to dust.
You feel strangely unstable.
You are engulfed in a cloud of scalding steam.
You have got your breath back.
5287 ||| INVOKING Spit Poison.
Aiming: Spit Poison (1% risk of failure)
Press: ? - help, Shift-Dir - straight line, f/p - steam dragon The splash of poison misses the steam dragon.
You are engulfed in a cloud of scalding steam.
The steam dragon bites you but does no damage.
The steam dragon barely misses you.
You shoot a bolt.
The bolt hits the steam dragon but does no damage.
The steam dragon is severely wounded.
You are engulfed in a cloud of scalding steam.
You die...

##......###......#.......?
##.......#......#.#..}...
....#####..........#......
........................>.
...................#......
. .................#..}...
..#....¤................
...........>.....#......
..#....@¤..####..##.##.#
..####.D¤...###...#.....
..¤....%..#.........
............#.........
....)).......%..........
..o...)###.....#####....
.....%. #...............
....... ###.............
#.............


You could see a steam dragon (catching breath, drained) and an orc.

Vanquished Creatures
  Grinder (D:5)
  Sigmund (D:3)
  A wyvern (D:7)
  2 ice beasts
  A black bear (D:5)
  3 ogres
  A phantom (D:5)
  Blork the orc (D:5)
  2 kobold brigands
  A gnoll sergeant (D:7)
  A scorpion (D:6)
  2 howler monkeys (D:7)
  6 orc priests
  3 hounds
  3 iguanas
  A jelly (D:7)
  A sleepcap (D:5)
  3 orc wizards
  9 gnolls
  6 adders
  2 dart slugs
  24 orcs
  7 ball pythons
  6 bats
  3 endoplasms
  2 giant cockroaches (D:2)
  6 goblins
  6 hobgoblins
  2 jackals (D:1)
  13 kobolds
  5 quokkas
  3 frilled lizards
  9 rats
137 creatures vanquished.

Vanquished Creatures (others)
  A kobold (D:7)
1 creature vanquished.

Grand Total: 138 creatures vanquished

Notes
Turn   | Place    | Note
-------+----------+-------------------------------------------
     0 | D:1      | qw the Naga Hunter began the quest for the Orb.
     0 | D:1      | Reached XP level 1. HP: 19/19 MP: 1/1
     0 | D:1      | 0 ||| qw: Version: 0.2-a-29-g1fa15c8
     0 | D:1      | 0 ||| qw: Game counter: 4889
     0 | D:1      | 0 ||| qw: Always use a shield: true
     0 | D:1      | 0 ||| qw: God list: Okawaru
     0 | D:1      | 0 ||| qw: Allow faded altars: false
     0 | D:1      | 0 ||| qw: Do Orc after D:15 true
     0 | D:1      | 0 ||| qw: Do second Lair branch before Depths: true
     0 | D:1      | 0 ||| qw: Lair rune preference: random
     0 | D:1      | 0 ||| qw: Plans: Normal
     0 | D:1      | 0 ||| PLANNING D:1-11
    13 | D:1      | 13 ||| INVOKING Spit Poison.
    18 | D:1      | 18 ||| INVOKING Spit Poison.
    23 | D:1      | 23 ||| FLEEEEING.
    31 | D:1      | Reached skill level 4 in Ranged Weapons
    31 | D:1      | Reached XP level 2. HP: 26/26 MP: 2/2
    38 | D:1      | 38 ||| INVOKING Spit Poison.
    43 | D:1      | 43 ||| INVOKING Spit Poison.
    53 | D:1      | 53 ||| INVOKING Spit Poison.
    59 | D:1      | 59 ||| INVOKING Spit Poison.
    62 | D:1      | 62 ||| INVOKING Spit Poison.
    66 | D:1      | 66 ||| INVOKING Spit Poison.
    69 | D:1      | 69 ||| INVOKING Spit Poison.
    88 | D:1      | 88 ||| INVOKING Spit Poison.
   178 | D:1      | 178 ||| INVOKING Spit Poison.
   183 | D:1      | 183 ||| INVOKING Spit Poison.
   299 | D:1      | 299 ||| INVOKING Spit Poison.
   303 | D:1      | Found a faded altar of an unknown god.
   334 | D:1      | 334 ||| INVOKING Spit Poison.
   377 | D:1      | 377 ||| INVOKING Spit Poison.
   378 | D:1      | Reached XP level 3. HP: 32/32 MP: 3/3
   399 | D:1      | 399 ||| INVOKING Spit Poison.
   409 | D:1      | 409 ||| INVOKING Spit Poison.
   421 | D:1      | 421 ||| INVOKING Spit Poison.
   578 | D:1      | 578 ||| UPGRADING to amulet of the acrobat.
   583 | D:1      | 583 ||| READING scroll labelled FAPNIK MYIZANO.
   684 | D:1      | 684 ||| DROPPING scroll of butterflies.
   709 | D:2      | 709 ||| INVOKING Spit Poison.
   717 | D:2      | 717 ||| INVOKING Spit Poison.
   742 | D:2      | Found a stormy altar of Qazlal.
   772 | D:2      | 772 ||| INVOKING Spit Poison.
   812 | D:2      | 812 ||| INVOKING Spit Poison.
   906 | D:2      | 906 ||| INVOKING Spit Poison.
  1023 | D:2      | 1023 ||| INVOKING Spit Poison.
  1038 | D:2      | Found a runed translucent door.
  1039 | D:2      | Noticed Crazy Yiuf
  1182 | D:2      | 1182 ||| READING scroll labelled KESIPI WAWUD.
  1238 | D:2      | 1238 ||| READING scroll labelled WEITUICUMA.
  1239 | D:2      | 1239 ||| DRINKING 2 dark potions.
  1240 | D:2      | 1240 ||| DRINKING 2 red potions.
  1290 | D:3      | 1290 ||| INVOKING Spit Poison.
  1296 | D:3      | 1296 ||| INVOKING Spit Poison.
  1300 | D:3      | 1300 ||| INVOKING Spit Poison.
  1302 | D:3      | Reached skill level 5 in Ranged Weapons
  1302 | D:3      | Reached XP level 4. HP: 20/39 MP: 4/4
  1374 | D:3      | 1374 ||| INVOKING Spit Poison.
  1460 | D:3      | 1460 ||| INVOKING Spit Poison.
  1464 | D:3      | 1464 ||| INVOKING Spit Poison.
  1651 | D:3      | 1651 ||| Stepping ~*~*~tactically~*~*~ (outnumbered).
  1652 | D:3      | 1652 ||| INVOKING Spit Poison.
  1655 | D:3      | 1655 ||| INVOKING Spit Poison.
  1658 | D:3      | 1658 ||| INVOKING Spit Poison.
  1662 | D:3      | 1662 ||| INVOKING Spit Poison.
  1664 | D:3      | Reached skill level 3 in Fighting
  1664 | D:3      | Reached XP level 5. HP: 40/49 MP: 5/5
  1666 | D:3      | 1666 ||| INVOKING Spit Poison.
  1687 | D:3      | 1687 ||| INVOKING Spit Poison.
  1714 | D:3      | 1714 ||| INVOKING Spit Poison.
  1717 | D:3      | 1717 ||| INVOKING Spit Poison.
  1742 | D:3      | 1742 ||| INVOKING Spit Poison.
  1752 | D:3      | 1752 ||| INVOKING Spit Poison.
  1752 | D:3      | Noticed Sigmund
  1759 | D:3      | 1759 ||| INVOKING Spit Poison.
  1764 | D:3      | 1764 ||| INVOKING Spit Poison.
  1764 | D:3      | Killed Sigmund
  1765 | D:3      | Reached skill level 6 in Ranged Weapons
  1765 | D:3      | Reached XP level 6. HP: 19/56 MP: 6/6
  1769 | D:3      | HP: 14/56 [adder (1)]
  1770 | D:3      | 1770 ||| READING 2 scrolls of teleportation.
  1771 | D:3      | 1771 ||| INVOKING Spit Poison.
  1774 | D:3      | HP: 8/56 [poisoned by an adder]
  2010 | D:3      | 2010 ||| INVOKING Spit Poison.
  2013 | D:3      | 2013 ||| INVOKING Spit Poison.
  2030 | D:3      | 2030 ||| INVOKING Spit Poison.
  2033 | D:3      | 2033 ||| INVOKING Spit Poison.
  2121 | D:3      | 2121 ||| READING scroll labelled NUUMIPTOSYIMP.
  2122 | D:3      | 2122 ||| READING scroll labelled UKKODGH XEERA.
  2123 | D:3      | 2123 ||| DRINKING 2 fuming purple potions.
  2150 | D:3      | 2150 ||| DROPPING potion of lignification.
  2187 | D:4      | 2187 ||| INVOKING Spit Poison.
  2192 | D:4      | 2192 ||| INVOKING Spit Poison.
  2195 | D:4      | 2195 ||| INVOKING Spit Poison.
  2233 | D:4      | 2233 ||| INVOKING Spit Poison.
  2235 | D:4      | Reached XP level 7. HP: 61/66 MP: 7/7
  2237 | D:4      | 2237 ||| INVOKING Spit Poison.
  2279 | D:4      | 2279 ||| INVOKING Spit Poison.
  2282 | D:4      | 2282 ||| Stepping ~*~*~tactically~*~*~ (outnumbered).
  2285 | D:4      | 2285 ||| INVOKING Spit Poison.
  2292 | D:4      | 2292 ||| INVOKING Spit Poison.
  2444 | D:4      | 2444 ||| INVOKING Spit Poison.
  2448 | D:4      | 2448 ||| INVOKING Spit Poison.
  2453 | D:4      | 2453 ||| INVOKING Spit Poison.
  2557 | D:4      | 2557 ||| INVOKING Spit Poison.
  2563 | D:4      | 2563 ||| INVOKING Spit Poison.
  2566 | D:4      | Reached skill level 7 in Ranged Weapons
  2685 | D:4      | 2685 ||| INVOKING Spit Poison.
  2689 | D:4      | 2689 ||| INVOKING Spit Poison.
  2747 | D:4      | 2747 ||| INVOKING Spit Poison.
  2766 | D:4      | 2766 ||| INVOKING Spit Poison.
  2772 | D:4      | 2772 ||| INVOKING Spit Poison.
  2773 | D:4      | 2773 ||| INVOKING Spit Poison.
  2816 | D:4      | 2816 ||| INVOKING Spit Poison.
  2835 | D:4      | 2835 ||| INVOKING Spit Poison.
  2839 | D:4      | 2839 ||| INVOKING Spit Poison.
  2844 | D:4      | 2844 ||| INVOKING Spit Poison.
  2845 | D:4      | 2845 ||| DRINKING 2 potions of curing.
  2845 | D:4      | 2845 ||| (to cure confusion)
  2847 | D:4      | 2847 ||| INVOKING Spit Poison.
  3063 | D:4      | 3063 ||| UPGRADING to +0 helmet.
  3068 | D:4      | 3068 ||| READING scroll labelled GAONKU NANNEUFF.
  3069 | D:4      | 3069 ||| READING scroll labelled XOZOGIJ SODU.
  3073 | D:5      | Entered Level 5 of the Dungeon
  3111 | D:5      | Found a runed translucent gate.
  3111 | D:5      | Found a runed translucent gate.
  3112 | D:5      | Found a runed translucent gate.
  3113 | D:5      | Noticed qw's ghost (amateur GrFi)
  3114 | D:5      | Noticed qw's ghost (novice GrFi)
  3114 | D:5      | Noticed qw's ghost (amateur MiHu)
  3114 | D:5      | Noticed qw's ghost (novice MiHu)
  3144 | D:5      | Found an ornate altar of the Wu Jian Council.
  3155 | D:5      | HP: 15/66 [sleepcap (11)]
  3156 | D:5      | 3156 ||| READING scroll of teleportation.
  3332 | D:5      | Noticed a +0 dagger
  3333 | D:5      | Found a hide-covered altar of Uskayaw.
  3333 | D:5      | Noticed a +0 hand axe
  3440 | D:5      | 3440 ||| INVOKING Spit Poison.
  3444 | D:5      | Reached XP level 8. HP: 63/73 MP: 8/8
  3576 | D:5      | You fall into a shaft and drop 1 floor!
  3604 | D:6      | 3604 ||| PLANNING OSSUARY
  3607 | D:6      | 3607 ||| INVOKING Spit Poison.
  3614 | D:6      | 3614 ||| INVOKING Spit Poison.
  3615 | D:6      | HP: 13/73 [ice beast (8)]
  3617 | D:6      | Reached skill level 8 in Ranged Weapons
  3620 | D:6      | 3620 ||| INVOKING Spit Poison.
  3621 | D:6      | HP: 10/73 [orc wizard/puff of flame (3)]
  3623 | D:6      | HP: 3/73 [orc wizard/magic dart (6)]
  3626 | D:6      | 3626 ||| INVOKING Spit Poison.
  3640 | D:6      | 3640 ||| INVOKING Spit Poison.
  3880 | D:6      | 3880 ||| Stepping ~*~*~tactically~*~*~ (outnumbered).
  3883 | D:6      | 3883 ||| INVOKING Spit Poison.
  3886 | D:6      | 3886 ||| INVOKING Spit Poison.
  3893 | D:6      | 3893 ||| INVOKING Spit Poison.
  3911 | D:6      | 3911 ||| INVOKING Spit Poison.
  3918 | D:6      | 3918 ||| INVOKING Spit Poison.
  3925 | D:6      | 3925 ||| INVOKING Spit Poison.
  3929 | D:6      | 3929 ||| INVOKING Spit Poison.
  3946 | D:6      | Found a shadowy altar of Dithmenos.
  3971 | D:6      | 3971 ||| INVOKING Spit Poison.
  4044 | D:6      | 4044 ||| INVOKING Spit Poison.
  4123 | D:6      | Found Racippo's Antique Weapon Shoppe.
  4131 | D:6      | 4131 ||| BUYING arbalest (130 gold).
  4131 | D:6      | Bought an arbalest for 130 gold pieces
  4131 | D:6      | 4131 ||| UPGRADING to +0 arbalest.
  4132 | D:6      | 4132 ||| DROPPING +1 shortbow.
  4150 | D:6      | 4150 ||| RIP OSSUARY
  4257 | D:6      | 4257 ||| PLANNING D:1-11
  4257 | D:6      | 4257 ||| READING 2 scrolls labelled RUENAN OBLE.
  4258 | D:6      | 4258 ||| READING scroll labelled FILLED IHAO.
  4297 | D:5      | Noticed Grinder
  4307 | D:5      | Killed Grinder
  4308 | D:5      | Reached skill level 9 in Ranged Weapons
  4319 | D:5      | 4319 ||| INVOKING Spit Poison.
  4323 | D:5      | 4323 ||| INVOKING Spit Poison.
  4356 | D:5      | Reached skill level 1 in Armour
  4496 | D:5      | Noticed Blork the orc
  4500 | D:5      | 4500 ||| INVOKING Spit Poison.
  4504 | D:5      | 4504 ||| INVOKING Spit Poison.
  4505 | D:5      | Killed Blork the orc
  4506 | D:5      | Reached skill level 6 in Fighting
  4506 | D:5      | Reached XP level 9. HP: 54/82 MP: 9/9
  4678 | D:5      | Found a sparkling altar of Nemelex Xobeh.
  4678 | D:5      | Found a burning altar of Makhleb.
  4844 | D:5      | 4844 ||| UPGRADING to +2 robe of willpower.
  4854 | D:5      | 4854 ||| DROPPING +0 leather armour.
  4855 | D:5      | 4855 ||| READING scroll labelled LIATHR CEOM.
  4856 | D:5      | 4856 ||| READING 2 scrolls of identify.
  4856 | D:5      | 4856 ||| IDENTIFYING bubbling pink potion
  4857 | D:5      | 4857 ||| DROPPING potion of degeneration.
  4871 | D:7      | Found a shimmering altar of Xom.
  4877 | D:7      | 4877 ||| READING scroll of enchant weapon.
  4877 | D:7      | 4877 ||| ENCHANTING +0 arbalest of draining.
  4962 | D:7      | 4962 ||| INVOKING Spit Poison.
  4965 | D:7      | 4965 ||| INVOKING Spit Poison.
  4969 | D:7      | 4969 ||| INVOKING Spit Poison.
  4993 | D:7      | Reached skill level 3 in Dodging
  5008 | D:7      | 5008 ||| INVOKING Spit Poison.
  5018 | D:7      | 5018 ||| INVOKING Spit Poison.
  5022 | D:7      | 5022 ||| INVOKING Spit Poison.
  5041 | D:7      | 5041 ||| INVOKING Spit Poison.
  5064 | D:7      | Found a staircase to the Ecumenical Temple.
  5065 | D:7      | 5065 ||| PLANNING TEMPLE
  5065 | D:7      | 5065 ||| DRINKING 2 fizzy cyan potions.
  5066 | D:7      | 5066 ||| DROPPING potion of magic.
  5076 | Temple   | Entered the Ecumenical Temple
  5190 | Temple   | 5190 ||| PLANNING D:1-11
  5235 | D:7      | 5235 ||| INVOKING Spit Poison.
  5277 | D:7      | 5277 ||| INVOKING Spit Poison.
  5282 | D:7      | 5282 ||| INVOKING Spit Poison.
  5285 | D:7      | HP: 20/82 [steam dragon/ball of steam (5)]
  5286 | D:7      | 5286 ||| READING 2 scrolls of teleportation.
  5287 | D:7      | 5287 ||| INVOKING Spit Poison.
  5287 | D:7      | HP: 8/82 [steam dragon] (9)]
  5288 | D:7      | Engulfed by a steam dragon's steam

Levels and vault maps discovered:
D:1:      saegor_arrival_simple_c, layout_basic,
          hellmonk_ecumenical_altar_run_dry, st_stairs_1, minivault_4
D:2:      layout_rooms, basic_altar, uniq_crazy_yiuf_cottage
D:3:      layout_rooms, hangedman_decor_points, uniq_sigmund
D:4:      kennysheep_spiral_hall, layout_cave_pools
D:5:      layout_loops_corners, dancing_weapons_uskayaw,
          nicolae_wu_jian_wuxing_cycle,
          chequers_temple_overflow_statue_of_worship, gammafunk_ghost_cemetery,
          eino_small_chamber_without_monster, uniq_grinder, uniq_blork_the_orc
D:6:      layout_rooms, grunt_dithmenos_smoke_and_mirrors,
          nicolae_ossuary_entry_plus, serial_shops, nicolae_stop_n_shop_1
D:7:      layout_basic, fedhas_altar_2, general_overflow_altar,
          xom_teletrap_fun, minmay_temple_entry_large_hall,
          minmay_manual_macuahuitl
Temple:   nicolae_temple_figure_zero

Skill      XL: |  1  2  3  4  5  6  7  8  9 |
---------------+----------------------------+-----
Ranged Weapons | 4 5 6 7 9 |  9.7
Fighting       | 3 4 6 |  6.0
Dodging        | 2 3 |  3.3
Armour         | 1 |  1.5
Stealth        | |  1.5

Action                     |  1- 3 |  4- 6 |  7- 9 || total
---------------------------+-------+-------+-------++-------
   Fire: Shortbow          |    60 |    72 |   150 ||   282
         Arbalest          |       |       |    63 ||    63
Ability: Spit Poison       |    27 |    24 |    49 ||   100
    Use: Scroll            |     3 |     3 |     9 ||    15
         Potion            |     2 |     1 |     2 ||     5
 Armour: Leather armour    |     3 |     3 |    16 ||    22
         Robe              |       |       |     4 ||     4
  Dodge: Dodged            |    10 |    23 |    44 ||    77

Table legend:
 A = Non-vault XP
 B = Vault XP
 C = Vault XP percentage of total XP
 D = Non-vault monster count
 E = Vault monster count
 F = Vault count percentage of total count
                 A         B        C        D         E       F
            +---------+---------+-------+---------+---------+-------
      Total |    2536 |     663 |  20.7 |     128 |       9 |   6.6
            +---------+---------+-------+---------+---------+-------
        D:1 |      36 |       4 |  10.0 |      22 |       2 |   8.3
        D:2 |      34 |       0 |   0.0 |      12 |       0 |   0.0
        D:3 |     158 |     231 |  59.4 |      24 |       1 |   4.0
        D:4 |     525 |      51 |   8.9 |      23 |       4 |  14.8
        D:5 |     452 |     377 |  45.5 |       6 |       2 |  25.0
        D:6 |     534 |       0 |   0.0 |      16 |       0 |   0.0
        D:7 |     797 |       0 |   0.0 |      25 |       0 |   0.0
            +---------+---------+-------+---------+---------+-------
